 Dungeon Crawl Stone Soup version 0.30-a0-1160-g6e42c06551 (webtiles) character file.

Game seed: 1006331458934812

174254 funkygono the Peltast (level 17, -12/162 HPs)
             Began as a Minotaur Fighter on Apr 26, 2023.
             Was a High Priest of Okawaru.
             Succumbed to a naga ritualist's splash of poison
             ... on level 2 of the Snake Pit.
             The game lasted 00:57:00 (25746 turns).

funkygono the Peltast (Minotaur Fighter)           Turns: 25746, Time: 00:57:01

Health: -12/162    AC: 51    Str: 30    XL:     17   Next: 19%
Magic:  19/19      EV: 15    Int:  5    God:    Okawaru [*****.]
Gold:   1601       SH: 27    Dex: 12    Spells: 16/16 levels left

rFire   + + .        y - +8 hand axe of the Real Monster {flame, rC+}
rCold   + + .        z - +5 kite shield of the Saviour {rPois rF++ rC+}
rNeg    . . .        b - +3 crystal plate armour
rPois   .            F - +2 hat of Imperfection {Will+}
rElec   .            j - +2 cloak
rCorr   .            L - +2 pair of gloves {Str+3}
SInv    +            G - +2 pair of boots
Will    ++...        l - amulet of Syndicalism {Reflect Regen+ SH+5 SInv} Stlth
                     K - +5 ring of evasion
HPRegen 1.27/turn    i - ring of the Tortoise {AC+8}
MPRegen 0.16/turn

%: reflection
@: lethally poisoned (-12 -> -47), heroic, weakened, untranslocatable, poison
vulnerable, slowed, invisible, very slow
A: horns 2, retaliatory headbutt
}: 1/15 runes: serpentine
a: Renounce Religion, Heroism, Finesse, Duel


You were on level 2 of the Snake Pit.
You worshipped Okawaru.
Okawaru was extremely pleased with you.
You visited 5 branches of the dungeon, and saw 27 of its levels.
You also visited: Gauntlet, Ice Cave and Volcano.

You collected 3786 gold pieces.
You spent 2185 gold pieces at shops.

Inventory:

Hand Weapons
 a - a +4 war axe of chaos
 q - the +2 broad axe of the Skies Above {freeze, Will- Str+4 SInv}
   (Okawaru gifted it to you on level 3 of the Lair of Beasts)

   Str:       It affects your strength (+4).
   SInv:      It lets you see invisible.
   Will:      It decreases your willpower.
 y - the +8 hand axe of the Real Monster (weapon) {flame, rC+}
   (Okawaru gifted it to you on level 4 of the Snake Pit)

   rC:        It protects you from cold.
Missiles
 v - 5 boomerangs of dispersal
 B - 11 javelins
 E - 11 boomerangs (quivered)
 J - 2 throwing nets
Armour
 b - a +3 crystal plate armour (worn)
 j - a +2 cloak (worn)
 t - a +2 tower shield of reflection
 z - the +5 kite shield of the Saviour (worn) {rPois rF++ rC+}
   (You bought it in a shop on level 4 of the Dungeon)

   rF:        It greatly protects you from fire.
   rC:        It protects you from cold.
   rPois:     It protects you from poison.
 F - the +2 hat of Imperfection (worn) {Will+}
   (You found it in a volcano)

   Will:      It increases your willpower.
 G - a +2 pair of boots (worn)
 L - a +2 pair of gloves of strength (worn)
 N - a +2 kite shield of protection
Jewellery
 i - the ring of the Tortoise (right hand) {AC+8}
   (You bought it in a shop on level 2 of the Orcish Mines)

   [ring of protection]

   AC:        It affects your AC (+8).
 l - the amulet of Syndicalism (around neck) {Reflect Regen+ SH+5 SInv}
   (You found it in a Gauntlet)

   [amulet of reflection]

   It reflects blocked missile attacks.
   SInv:      It lets you see invisible.
   Regen:     It increases your rate of health regeneration.
   SH:        It affects your SH (+5).
 m - a ring of protection from cold
 K - a +5 ring of evasion (left hand)
Wands
 s - a wand of mindburst (10)
 x - a wand of flame (67)
 H - a wand of roots (11)
 Q - a wand of quicksilver (7)
Scrolls
 f - 17 scrolls of teleportation
 g - 3 scrolls of magic mapping
 k - 6 scrolls of poison
 r - 8 scrolls of identify
 A - 5 scrolls of fog
 C - a scroll of silence
 I - 6 scrolls of fear
 M - 3 scrolls of blinking
Potions
 c - 2 potions of brilliance
 d - 12 potions of might
 e - 3 potions of curing
 h - a potion of ambrosia
 n - 3 potions of invisibility
 o - 8 potions of flight
 p - 2 potions of mutation
 u - 2 potions of heal wounds
 w - 4 potions of berserk rage
 D - 8 potions of haste


   Skills:
 + Level 17.4(22.4) Fighting
 + Level 19.6(24.6) Axes
 + Level 7.6(12.6) Throwing
 + Level 14.9(19.9) Armour
 + Level 3.9(8.9) Dodging
 + Level 3.1(8.1) Stealth
 + Level 20.2(25.2) Shields
 + Level 4.2 Invocations


You had 16 spell levels left.
You didn't know any spells.
Your spell library contained the following spells:

 Spells                   Type           Power      Damage    Failure   Level
 Beastly Appendage        Tmut           0%         N/A       99%         1
 Freeze                   Ice            0%         1d3       99%         1
 Magic Dart               Conj           0%         1d3       99%         1
 Cigotuvi's Dreadful Rot  Necr/Pois/Air  0%         N/A       100%        2
 Static Discharge         Conj/Air       0%         2-2/arc   100%        2
 Sublimation of Blood     Necr           0%         N/A       100%        2
 Wereblood                Tmut           0%         N/A       100%        2
 Frozen Ramparts          Ice            0%         1d1       100%        3
 Hailstorm                Conj/Ice       0%         3d3       100%        3
 Mephitic Cloud           Conj/Pois/Air  0%         N/A       100%        3
 Portal Projectile        Hex/Tloc       0%         N/A       100%        3
 Spider Form              Tmut/Pois      0%         N/A       100%        3
 Vhi's Electric Charge    Tloc/Air       0%         N/A       100%        3
 Cause Fear               Hex            0%         N/A       100%        4
 Dispel Undead            Necr           0%         3d6       100%        4
 Ice Form                 Ice/Tmut       0%         N/A       100%        4
 Arcjolt                  Conj/Air       0%         1d10      100%        5
 Blade Hands              Tmut           0%         N/A       100%        5
 Borgnjor's Vile Clutch   Necr/Erth      0%         N/A       100%        5
 Metabolic Englaciation   Hex/Ice        0%         N/A       100%        5
 Iron Shot                Conj/Erth      0%         9d1       100%        6
 Dragon Form              Tmut           0%         N/A       100%        7
 Maxwell's Capacitive Co  Air            0%         ∞         100%        8
 Chain Lightning          Conj/Air       0%         N/A       100%        9
 Fire Storm               Conj/Fire      0%         5d1       100%        9
 Shatter                  Erth           0%         3d5*      100%        9
 Call Imp                 Summ           Unusable   N/A       N/A         2
 Tukima's Dance           Hex            Unusable   N/A       N/A         3
 Animate Dead             Necr           Unusable   N/A       N/A         4
 Death Channel            Necr           Unusable   N/A       N/A         6
 Simulacrum               Ice/Necr       Unusable   N/A       N/A         6
 Spellforged Servitor     Conj/Summ      Unusable   N/A       N/A         7
 Summon Hydra             Summ           Unusable   N/A       N/A         7
 Dragon's Call            Summ           Unusable   N/A       N/A         9

Dungeon Overview and Level Annotations

Branches:
Dungeon (15/15)            Temple (1/1) D:6            Lair (5/5) D:10
  Swamp (0/4) Lair:2        Snake (4/4) Lair:3        Slime (0/5) Lair:5
    Orc (2/2) D:12            Elf (0/3) Orc:2        Vaults (0/5) D:13
 Depths (0/4) D:15          IceCv (visited)         Volcano (visited)
Gauntlet (visited)

Altars:
Ashenzari
Cheibriados
Dithmenos
Elyvilon
Fedhas
Gozag
Hepliaklqana
Kikubaaqudgha
Makhleb
Nemelex Xobeh
Okawaru
Qazlal
Ru
Sif Muna
Trog
Uskayaw
Vehumet
Wu Jian
Xom
Yredelemnul
Zin
The Shining One

Shops:
D:4 [   D:9 *   Orc:1 (   Orc:2 *[=*([*   Snake:4 ?

Annotations:
D:6 3 runed translucent doors, UltrafastDeath's ghost, novice NaHs


Innate Abilities, Weirdness & Mutations

You have a pair of horns on your head.
You reflexively headbutt those who attack you in melee.


Message History

The bolt of poison hits the naga ritualist!
The bolt of poison hits you!!
You are lethally poisoned!
* * * LOW HITPOINT WARNING * * *
The naga ritualist invokes the aid of its god against you.
You resist with almost no effort. The naga ritualist constricts you.
* * * LOW HITPOINT WARNING * * *
The naga ritualist hits you but does no damage.
The naga mage points at you and mumbles some strange words.
The bolt of poison misses the naga ritualist.
The bolt of poison misses you. You block the naga ritualist's attack.
You block the nagaraja's attack. x2
The naga ritualist mumbles some strange prayers to its god against you.
You resist with almost no effort. The naga ritualist constricts you.
The naga ritualist invokes the aid of its god against you.
You resist with almost no effort.
The naga mage hits you but does no damage.
The naga ritualist barely misses you. You furiously retaliate!
You headbutt the naga ritualist, but do no damage.
You hit the naga ritualist. You burn the naga ritualist.
You kill the naga ritualist!
Okawaru accepts your kill.
You closely miss the naga ritualist.
You hit the naga ritualist but do no damage.
* * * LOW HITPOINT WARNING * * *
You feel extremely sick. You block the nagaraja's attack. x2
The naga ritualist spits poison at you.
The splash of poison hits you but does no damage.
You are more poisoned.
You block the naga mage's attack.
The nagaraja gestures at you while chanting.
The bolt of poison hits the naga ritualist!
The bolt of poison misses you. You block the nagaraja's attack.
The naga ritualist spits poison at you.
The splash of poison hits you but does no damage.
You are more poisoned.
The naga ritualist hits you but does no damage.
You block the naga ritualist's attack.
You die...

#.# $... #.#.#.#.#.#..8#..#####
#.#$$.# . N............N#.##....
#.#..##......##.##.##..N#.......
#.#8.....###...........N#.#.....
#.#.N#.....####...#8...8#.#.....
##.#..#####...⌠##N####'###.###...
#..#♣N[8.8.....#N)8#⌠:.#...#.####
..©#N[........NN.)©#_:[#©.......#
...#♣$.8.8.....#@)8#⌠::#........#
...#NN#####... ##N####'###...P_.#
#..#N.#.....####...#8...8#....P..
#..#8..N..###...........N#.......
#..#..##......##.##.##N.N#..##...
#..#?$.# . .......N......#..#.###
##.# $... #.#.#.#.#.#..8#.##.#.#
.#.#######################.[.....
.#.[.......................##....


You could see 2 nagarajas, 2 naga ritualists and a naga mage (fast).

Vanquished Creatures
  Vashnia (Snake:2)
  Jorgrun (Orc:1)
  Asterion (Snake:2)
  A nagaraja (Snake:2)
  A frost giant (IceCv)
  An orc warlord (Orc:1)
  A reaper (Gauntlet)
  A minotaur (Gauntlet)
  A fire dragon (Lair:5)
  3 spriggan zombies (D:15)
  4 hydras
  A salamander tyrant (Snake:4)
  A spriggan skeleton (D:15)
  13 anacondas
  2 boulder beetles
  An ogre mage (D:15)
  Erica (D:10)
  2 centaur warriors (D:14)
  A death knight (D:14)
  9 two-headed ogres
  13 naga warriors
  6 death yaks (IceCv)
  14 naga sharpshooters
  4 tengu warriors
  9 shock serpents
  4 orc high priests (Orc:2)
  7 salamander mystics
  2 skeletal warriors
  A flayed ghost (D:15)
  7 naga ritualists
  5 lindwurms
  A lindwurm (shapeshifter) (Orc:2)
  A bog body (Lair:2)
  An orc knight (Orc:2)
  2 deep elf pyromancers
  2 necromancers
  2 oklob plants
  15 mana vipers
  8 ugly things
  5 cyclopes
  5 orc sorcerers (Orc:2)
  14 salamanders
  3 manticores
  A cyclops (shapeshifter) (D:14)
  20 naga magi
  Maurice (D:9)
  An ice statue (IceCv)
  3 molten gargoyles
  An apocalypse crab (Gauntlet)
  42 black mambas
  7 guardian serpents
  7 cane toads
  2 gargoyles
  9 rime drakes
  2 unseen horrors
  A kobold demonologist (D:12)
  An efreet (D:13)
  A freezing wraith (D:14)
  9 komodo dragons
  2 tengu conjurers (D:14)
  7 trolls
  3 hellwings (Gauntlet)
  8 polar bears
  A hornet (D:8)
  6 blink frogs (Lair:4)
  4 dream sheep (Lair:3)
  8 slime creatures (D:14)
  A water elemental (D:15)
  Sigmund (D:3)
  A vampire (D:12)
  A shadow (D:12)
  37 yaks
  9 wyverns
  5 basilisks
  3 fire elementals (Volcano)
  6 vampire mosquitoes
  A human (D:12)
  Grum (D:11)
  2 steam dragons (Lair:5)
  40 nagas
  7 wargs
  12 water moccasins
  2 acid dragons (D:8)
  5 hell hounds (Lair:5)
  2 sky beasts (D:8)
  4 black bears
  29 orc warriors
  2 ice beasts
  5 ogres
  19 wolves
  5 centaurs
  2 kobold brigands
  A gnoll sergeant (D:9)
  4 bullfrogs
  7 scorpions
  11 killer bees (D:9)
  An electric eel (Lair:2)
  9 howler monkeys
  5 lava snakes (Lair:5)
  18 orc priests
  2 hounds
  2 jellies
  4 gnoll boudas
  6 iguanas
  3 sleepcaps
  16 orc wizards
  29 gnolls
  11 adders
  3 white imps
  2 ufetubi (D:7)
  A worm (D:3)
  2 dart slugs
  73 orcs
  8 endoplasms
  6 giant cockroaches
  13 goblins
  6 hobgoblins
  27 kobolds
  5 quokkas
  5 ball pythons
  4 bats
  2 frilled lizards
  5 rats
  3 bushes (D:10)
  2 spectral weapons (Snake:2)
823 creatures vanquished.

Vanquished Creatures (others)
  A salamander tyrant (Snake:2)
  A naga mage (Snake:1)
  A black mamba (Snake:4)
  A naga (Snake:3)
  13 fungi
  113 plants
  4 withered plants (D:15)
134 creatures vanquished.

Grand Total: 957 creatures vanquished

Notes
Turn   | Place    | Note
-------+----------+-------------------------------------------
     0 | D:1      | funkygono the Minotaur Fighter began the quest for the Orb.
     0 | D:1      | Reached XP level 1. HP: 19/19 MP: 0/0
   221 | D:1      | Reached XP level 2. HP: 25/27 MP: 1/1
   474 | D:1      | Reached XP level 3. HP: 33/33 MP: 2/2
   608 | D:1      | You fall into a shaft and drop 1 floor!
   695 | D:2      | Noticed a black bear
   706 | D:2      | Killed a black bear
   707 | D:2      | Reached skill level 4 in Shields
   707 | D:2      | Reached XP level 4. HP: 15/41 MP: 3/3
   892 | D:2      | Reached XP level 5. HP: 47/47 MP: 4/4
   929 | D:2      | Found a sparkling altar of Nemelex Xobeh.
  1431 | D:2      | Reached skill level 1 in Dodging
  2470 | D:3      | Noticed Sigmund
  2474 | D:3      | Killed Sigmund
  2475 | D:3      | Reached skill level 5 in Axes
  2475 | D:3      | Reached skill level 5 in Armour
  2475 | D:3      | Reached XP level 6. HP: 55/55 MP: 5/5
  2580 | D:3      | Found a faded altar of an unknown god.
  2828 | D:4      | Found Fupiniut's Antique Armour Emporium.
  2838 | D:4      | Reached skill level 5 in Fighting
  2994 | D:4      | Reached XP level 7. HP: 57/61 MP: 6/6
  3513 | D:4      | Bought a slimy kite shield for 237 gold pieces
  3513 | D:4      | Identified the +5 kite shield of the Saviour {rPois rF++
                  | rC+} (You bought it in a shop on level 4 of the Dungeon)
  3550 | D:5      | Entered Level 5 of the Dungeon
  3689 | D:5      | Reached XP level 8. HP: 33/68 MP: 7/7
  4030 | D:6      | Reached skill level 5 in Shields
  4360 | D:6      | Reached skill level 6 in Shields
  4379 | D:6      | Found a staircase to the Ecumenical Temple.
  4389 | Temple   | Entered the Ecumenical Temple
  4524 | Temple   | Became a worshipper of Warmaster Okawaru
  4908 | D:6      | Noticed UltrafastDeath's ghost (novice NaHs)
  4935 | D:6      | Found a runed translucent gate.
  4935 | D:6      | Found a runed translucent gate.
  4935 | D:6      | Found a runed translucent gate.
  4950 | D:6      | Reached skill level 10 in Axes
  5613 | D:7      | Reached XP level 9. HP: 68/75 MP: 8/8
  5690 | D:7      | Identified the +1 short sword of Crusades {spect, rN+
                  | Int+3}
  5919 | D:7      | Reached skill level 7 in Shields
  6143 | D:7      | Identified a scroll of acquirement
  6143 | D:7      | Acquired 777 gold pieces
  6299 | D:8      | Reached * piety under Okawaru
  6491 | D:8      | Reached skill level 8 in Shields
  6746 | D:8      | Paralysed by a hornet for 3 turns
  6978 | D:9      | Found Eggong's Changing Room.
  6989 | D:9      | Reached XP level 10. HP: 86/86 MP: 6/9
  6999 | D:9      | Reached ** piety under Okawaru
  7000 | D:9      | Reached skill level 9 in Shields
  7135 | D:9      | Reached skill level 1 in Invocations
  7273 | D:9      | Noticed Maurice
  7296 | D:9      | Killed Maurice
  7420 | D:9      | Found a glowing golden altar of the Shining One.
  7816 | D:10     | Entered Level 10 of the Dungeon
  7853 | D:10     | Found a staircase to the Lair.
  7871 | D:10     | Reached *** piety under Okawaru
  7883 | D:10     | Reached skill level 10 in Shields
  7945 | D:10     | Reached XP level 11. HP: 58/97 MP: 10/10
  8104 | D:10     | Noticed Erica
  8126 | D:10     | Killed Erica
  8126 | D:10     | Reached **** piety under Okawaru
  8172 | D:10     | Noticed a two-headed ogre
  8181 | D:10     | Killed a two-headed ogre
  8737 | Lair:1   | Entered Level 1 of the Lair of Beasts
  8748 | Lair:1   | Found a frozen archway.
  8762 | IceCv    | Entered an ice cave
  8776 | IceCv    | Reached skill level 1 in Stealth
  8796 | IceCv    | Noticed a death yak
  8822 | IceCv    | Killed a death yak
  8822 | IceCv    | Reached ***** piety under Okawaru
  8823 | IceCv    | Reached skill level 11 in Shields
  8891 | IceCv    | Identified the +8 battleaxe "Seto" {protect, rCorr Stlth+}
                  | (Okawaru gifted it to you in an ice cave)
  8891 | IceCv    | Received a gift from Okawaru
  8901 | IceCv    | Reached skill level 10 in Fighting
  8909 | IceCv    | Noticed a death yak
  8927 | IceCv    | Killed a death yak
  8928 | IceCv    | Reached skill level 15 in Axes
  8972 | IceCv    | Noticed a death yak
  8982 | IceCv    | Killed a death yak
  8983 | IceCv    | Reached XP level 12. HP: 104/106 MP: 9/12
  9018 | IceCv    | Noticed a frost giant
  9018 | IceCv    | Noticed a death yak
  9040 | IceCv    | Killed a frost giant
  9041 | IceCv    | Reached skill level 10 in Armour
  9051 | IceCv    | Killed a death yak
  9052 | IceCv    | Reached skill level 12 in Shields
  9172 | IceCv    | Got the Tome of Congelation
  9290 | IceCv    | Noticed a death yak
  9290 | IceCv    | Noticed a death yak
  9299 | IceCv    | Killed a death yak
  9309 | IceCv    | Killed a death yak
 10118 | Lair:2   | Found a staircase to the Swamp.
 10214 | Lair:2   | Noticed a five-headed hydra
 10214 | Lair:2   | Found the +1 robe of Vines {NoPotionHeal Regen++++}
 10224 | Lair:2   | Killed a nine-headed hydra
 10225 | Lair:2   | Noticed a four-headed hydra
 10237 | Lair:2   | Killed a ten-headed hydra
 10238 | Lair:2   | Reached skill level 13 in Shields
 11090 | Lair:3   | Identified the +2 broad axe of the Skies Above {freeze,
                  | Will- Str+4 SInv} (Okawaru gifted it to you on level 3 of
                  | the Lair of Beasts)
 11090 | Lair:3   | Received a gift from Okawaru
 11093 | Lair:3   | Found a staircase to the Snake Pit.
 11101 | Lair:3   | Reached XP level 13. HP: 116/116 MP: 12/14
 11957 | Lair:4   | Found a dark tunnel.
 11963 | Volcano  | Entered a volcano
 12024 | Volcano  | Identified the +2 hat of Imperfection {Will+}
 12799 | Lair:5   | Entered Level 5 of the Lair of Beasts
 13267 | Lair:5   | Found a staircase to the Slime Pits.
 13346 | Lair:5   | Received a gift from Okawaru
 13548 | Lair:5   | Reached skill level 14 in Shields
 13836 | Lair:5   | Found a large runed translucent door.
 13837 | Lair:5   | Found a large runed translucent door.
 13856 | Lair:5   | Noticed a fire dragon
 13868 | Lair:5   | Killed a fire dragon
 14425 | D:11     | Noticed Grum
 14433 | D:11     | Killed Grum
 15499 | D:12     | Identified the +1 robe of Time Monsters {rF+} (Okawaru
                  | gifted it to you on level 12 of the Dungeon)
 15499 | D:12     | Received a gift from Okawaru
 15526 | D:12     | Found a staircase to the Orcish Mines.
 15624 | D:12     | Reached XP level 14. HP: 129/129 MP: 15/15
 16113 | D:12     | Found a shadowy altar of Dithmenos.
 16115 | D:12     | Found a shimmering blue altar of Sif Muna.
 16115 | D:12     | Found a burning altar of Makhleb.
 16117 | D:12     | Found a shimmering altar of Xom.
 16117 | D:12     | Found a shimmering altar of Xom.
 16117 | D:12     | Found an ancient bone altar of Kikubaaqudgha.
 16222 | Orc:1    | Entered Level 1 of the Orcish Mines
 16224 | Orc:1    | Found Xuip's Antique Weapon Shop.
 16509 | Orc:2    | Entered Level 2 of the Orcish Mines
 16509 | Orc:2    | Found Laymarch's Antique Armour Shoppe.
 16509 | Orc:2    | Found Etanoss's General Store.
 16511 | Orc:2    | Noticed an orc warlord
 16524 | Orc:2    | Reached skill level 15 in Shields
 16548 | Orc:1    | Killed an orc warlord
 16690 | Orc:2    | Found Lauschipu's Antique Weapon Shop.
 16718 | Orc:2    | Found Bokhai's Assorted Antiques.
 16735 | Orc:2    | Found Cazis's Antique Armour Emporium.
 16742 | Orc:2    | Found a staircase to the Elven Halls.
 16761 | Orc:2    | Found Fysch's General Store.
 17156 | Orc:2    | Found Dubruy's Jewellery Boutique.
 17183 | Orc:2    | Paralysed by an orc sorcerer for 3 turns
 17632 | Orc:1    | Noticed Jorgrun
 17653 | Orc:1    | Killed Jorgrun
 17783 | Orc:2    | Bought the ring of the Tortoise {AC+8} for 1664 gold pieces
 17783 | Orc:2    | Found the ring of the Tortoise {AC+8}
 18132 | D:13     | Identified the -2 pair of gloves "Nisicw" {rN++}
 18391 | D:13     | Found a gate to the Vaults.
 18716 | D:14     | Found a gate leading to a gauntlet.
 18730 | Gauntlet | Entered a Gauntlet
 18730 | Gauntlet | Noticed a reaper
 18730 | Gauntlet | Found a transporter.
 18730 | Gauntlet | Found a transporter.
 18731 | Gauntlet | Found a transporter.
 18761 | Gauntlet | Found a transporter.
 18770 | Gauntlet | Found a transporter.
 18775 | Gauntlet | Found a transporter.
 18800 | Gauntlet | Found a transporter.
 18947 | Gauntlet | Found a transporter.
 18961 | Gauntlet | Found a transporter.
 18969 | Gauntlet | Found a transporter.
 18987 | Gauntlet | Found a transporter.
 18995 | Gauntlet | Found a transporter.
 19214 | Gauntlet | Reached skill level 16 in Shields
 19227 | Gauntlet | Killed a reaper
 19276 | Gauntlet | Identified the amulet of Syndicalism {Reflect Regen+ SH+5
                  | SInv}
 19356 | Gauntlet | Got the Octavo of Percussion
 19605 | D:14     | Reached skill level 1 in Throwing
 19653 | D:14     | Reached skill level 15 in Fighting
 20045 | D:15     | Entered Level 15 of the Dungeon
 20075 | D:14     | Reached XP level 15. HP: 90/141 MP: 16/16
 20162 | D:15     | Found a staircase to the Depths.
 20195 | D:15     | Identified the +1 plate armour of Lilacs {rElec} (Okawaru
                  | gifted it to you on level 15 of the Dungeon)
 20195 | D:15     | Received a gift from Okawaru
 20201 | D:15     | Reached skill level 17 in Shields
 20948 | Snake:1  | Entered Level 1 of the Snake Pit
 22067 | Snake:2  | Noticed Vashnia
 22083 | Snake:2  | Received a gift from Okawaru
 22089 | Snake:2  | Killed Vashnia
 22137 | Snake:2  | Reached skill level 18 in Shields
 22234 | Snake:2  | Noticed Asterion
 22247 | Snake:2  | Killed Asterion
 22262 | Snake:2  | Noticed a nagaraja
 22263 | Snake:2  | Noticed a nagaraja
 22267 | Snake:2  | Noticed a nagaraja
 22444 | Snake:2  | Found a shimmering blue altar of Sif Muna.
 22458 | Snake:2  | Found a transporter.
 22460 | Snake:2  | Found a hide-covered altar of Uskayaw.
 22551 | Snake:2  | Received a gift from Okawaru
 22566 | Snake:2  | Reached skill level 5 in Throwing
 22967 | Snake:2  | Reached XP level 16. HP: 146/151 MP: 14/17
 24193 | Snake:4  | Entered Level 4 of the Snake Pit
 24263 | Snake:4  | Reached skill level 19 in Shields
 24396 | Snake:4  | Found Cotomp's Magic Scroll Emporium.
 24403 | Snake:4  | Bought a scroll of magic mapping for 142 gold pieces
 24403 | Snake:4  | Bought a scroll of enchant armour for 142 gold pieces
 24459 | Snake:4  | Received a gift from Okawaru
 25107 | Snake:4  | Identified the +8 hand axe of the Real Monster {flame, rC+}
                  | (Okawaru gifted it to you on level 4 of the Snake Pit)
 25107 | Snake:4  | Received a gift from Okawaru
 25359 | Snake:4  | Reached XP level 17. HP: 127/161 MP: 17/19
 25363 | Snake:4  | Identified the +7 war axe "Buqis" {drain, rF+ MP+9}
                  | (Okawaru gifted it to you on level 4 of the Snake Pit)
 25363 | Snake:4  | Received a gift from Okawaru
 25376 | Snake:4  | Reached skill level 20 in Shields
 25453 | Snake:4  | Got a serpentine rune of Zot
 25745 | Snake:2  | HP: 1/162 [poisoned by a nagaraja (bolt of poison)]
 25746 | Snake:2  | Succumbed to a naga ritualist's splash of poison

Illustrated notes

Levels and vault maps discovered:
D:1:      lemuel_arrival_broad_hall, layout_basic
D:2:      minmay_general_purpose_star, layout_loops_corners, serial_forest,
          infiniplex_forest_lined_corner, infiniplex_forest_lined_room_2,
          infiniplex_forest_corner_1, infiniplex_forest_zigzag_2,
          infiniplex_forest_end_1, basic_altar, minivault_4,
          kennysheep_generic_room_3
D:3:      layout_basic, shapermc_ecumenical_altar_hornbeckon,
          skrybe_limestone_x, kennysheep_flooded_box, minmay_misc_feat_chi,
          minmay_goblin_outpost, uniq_sigmund
D:4:      layout_basic, serial_shops, nicolae_shop_getting_attention,
          solitary_fountain
D:5:      layout_gridville
D:6:      kennysheep_kobold_camp, layout_basic,
          minmay_temple_entry_stoned_glass, gammafunk_ghost_icy
D:7:      layout_cave_pools
D:8:      kennysheep_blocky_hall, layout_loops_ring
D:9:      layout_irregular_city, marbit_many_paths, wad_floor_pattern_1,
          abandoned_shop, nicolae_transmutations_shop, minmay_splitting_lines,
          uniq_maurice
D:10:     layout_long_grid, minmay_lair_entry_grove, uniq_erica
D:11:     layout_basic, uniq_grum
D:12:     layout_loops_ring, erik_orc_4, doesnt_xom_only_xom
D:13:     layout_roguey, david_vaults_1, serial_rivers,
          chequers_serial_rivers_room_a, chequers_serial_rivers_micro_b,
          chequers_serial_rivers_small_3, chequers_serial_rivers_small_a,
          chequers_serial_rivers_micro_a
D:14:     layout_irregular_city, gauntlet_entry_generic,
          ebering_dispersal_statue_hall, nicolae_concentric_dashed_squares_wild,
          dreamdust_princess_corridor
D:15:     gammafunk_depths_entry_grave, layout_cave_pools, serial_bayou,
          serial_bayou_pond_c, serial_bayou_pond_b, serial_bayou_pond_c,
          serial_bayou_crossing, bh_walls_and_bars
Temple:   mainiacjoe_temple_trianglar_array
Lair:1:   layout_long_grid, portal_ice_cave_entry_pillars_1
Lair:2:   layout_chaotic_city, nicolae_swamp_entry_splash_gauntlet,
          hellmonk_guarded_unrand_vines
Lair:3:   layout_cave_pods, minmay_snake_entry_spellcaster,
          chequers_serial_rivers_room_b, chequers_serial_rivers_small_b
Lair:4:   layout_cave_pods, enter_volcano_1
Lair:5:   cheibrodos_lair_end_hotspot, layout_cave_pods, slime_entry_1,
          serial_bayou_shore_b
Snake:1:  layout_honeycomb, nicolae_snake_yet_another_twisty_hallway,
          nicolae_snake_gridmaze_swirls
Snake:2:  gammafunk_sealed_library, layout_honeycomb, lemuel_oklob_altar,
          uniq_vashnia, uniq_asterion
Snake:3:  layout_layer_cave
Snake:4:  snake_pit_salamanders_mu, layout_misc_corridors, serial_shops,
          nicolae_shop_trees, grunt_ministairs_11, grunt_megastairs_3
Orc:1:    layout_diamond_mine, serial_shops, nicolae_shop_crystal, uniq_jorgrun
Orc:2:    grunt_orc_gardens, layout_caves, grunt_orc_garden, grunt_orc_garden,
          grunt_orc_garden, grunt_orc_garden, serial_shops, shop,
          nicolae_diamond_shop, shop, minmay_orc_temple_b

Skill      XL: |  1  2  3  4  5  6  7  8  9 10 11 12 13 14 15 16 17 |
---------------+----------------------------------------------------+-----
Fighting       | 4 5 6 7 9 10 11 13 15 16 17 | 17.4
Armour         | 4 5 6 7 8 9 11 12 13 14 | 14.9
Axes           | 4 5 6 8 10 11 13 15 16 17 18 19 | 19.6
Shields        | 4 6 8 10 11 13 14 16 18 19 20 | 20.2
Dodging        | 1 2 3 |  3.9
Invocations    | 1 2 3 4 |  4.2
Stealth        | 1 2 3 |  3.1
Throwing       | 1 5 7 |  7.6

Action                     |  1- 3 |  4- 6 |  7- 9 | 10-12 | 13-15 | 16-18 || total
---------------------------+-------+-------+-------+-------+-------+-------++-------
  Melee: War axe           |    64 |   101 |   284 |   565 |  1063 |   240 ||  2317
         Headbutt          |     3 |    13 |    60 |   156 |   242 |    95 ||   569
         Broad axe         |       |       |       |       |     5 |       ||     5
         Hand axe          |       |       |       |       |       |   147 ||   147
  Throw: Boomerang         |       |       |       |       |   136 |   121 ||   257
 Invoke: Heroism           |       |       |     4 |    18 |    28 |    15 ||    65
  Evoke: Wand              |       |       |       |       |     1 |       ||     1
    Use: Scroll            |       |       |    19 |     7 |    12 |     2 ||    40
         Potion            |       |       |       |       |     2 |     4 ||     6
   Stab: Confused          |       |       |       |       |    10 |     1 ||    11
         Paralysed         |       |       |       |       |     2 |       ||     2
         Petrifying        |       |       |       |       |     1 |       ||     1
 Armour: Scale mail        |    28 |    21 |       |       |       |       ||    49
         Chain mail        |       |    18 |       |       |       |       ||    18
         Plate armour      |       |    16 |    99 |   260 |    99 |       ||   474
         Crystal plate arm |       |       |       |       |   349 |   173 ||   522
  Dodge: Dodged            |    35 |    51 |    48 |   180 |   328 |   139 ||   781
  Block: Buckler           |    11 |    26 |     6 |       |       |       ||    43
         Kite shield       |       |       |   255 |   435 |  1055 |   572 ||  2317
         Reflection        |       |       |       |       |    41 |    77 ||   118

Table legend: (Time is in decaauts)
 A = Elapsed time spent in this place.
 B = Non-inter-level travel time spent in this place.
 C = Inter-level travel time spent in this place.
 D = Time resting spent in this place.
 E = Time spent auto-exploring this place.
 F = Levels seen in this place.
 G = Mean time per level.
                   A        B        C        D        E       F      G
               +--------+--------+--------+--------+--------+-----+--------+
         Total |  25416 |  24113 |   1303 |    188 |  17781 |  30 |  847.2 |
       Dungeon |  12635 |  12106 |    529 |     49 |   9363 |  15 |  842.3 |
        Temple |    378 |    367 |     11 |      0 |    361 |   1 |  378.0 |
          Lair |   4661 |   4292 |    369 |     34 |   3350 |   5 |  932.2 |
     Snake Pit |   4639 |   4367 |    272 |      0 |   3189 |   4 | 1159.8 |
  Orcish Mines |   1564 |   1444 |    120 |     78 |    960 |   2 |  782.0 |
      Ice Cave |    684 |    684 |      0 |      0 |    370 |   1 |  684.0 |
       Volcano |    236 |    236 |      0 |      0 |    132 |   1 |  236.0 |
      Gauntlet |    615 |    615 |      0 |     27 |     54 |   1 |  615.0 |
               +--------+--------+--------+--------+--------+-----+--------+

Top non-repeatable levels by time:
  Lair:5: 1453 daAuts
 Snake:4: 1311 daAuts
     D:2: 1184 daAuts
     D:6: 1138 daAuts
 Snake:3: 1124 daAuts
 Snake:2: 1102 daAuts
 Snake:1: 1101 daAuts
   Orc:2: 1094 daAuts
    D:10: 1004 daAuts
    D:11: 991 daAuts
  Lair:4: 933 daAuts
     D:3: 879 daAuts
     D:9: 834 daAuts
    D:13: 831 daAuts
    D:12: 824 daAuts
